 Dungeon Crawl Stone Soup version 0.29-a0-19-gef7f3e6 (webtiles) character file.

Game seed: 12523972978092998582

61 Illumine the Conjurer (level 4, -7/24 HPs)
             Began as a Tengu Conjurer on Jan 28, 2022.
             Mangled by Edmund (10 damage)
             ... on level 3 of the Dungeon.
             The game lasted 00:03:22 (2381 turns).

Illumine the Conjurer (Tengu Conjurer)              Turns: 2381, Time: 00:03:22

Health: -7/24      AC:  5    Str: 10    XL:     4   Next: 7%
Magic:  9/9        EV: 12    Int: 20    God:
Gold:   124        SH:  0    Dex: 13    Spells: 2/9 levels left

rFire   . . .      SeeInvis .   j - +1 dagger (venom)
rCold   . . .      Faith    .   (no shield)
rNeg    . . .      Spirit   .   a - +0 robe
rPois   .          Reflect  .   (helmet restricted)
rElec   .          Harm     .   (no cloak)
rCorr   .          Rampage  .   o - +2 pair of gloves {Str+3}
Will    .....                   (boots unavailable)
Stlth   ++........              (no amulet)
HPRegen 0.08/turn               (no ring)
MPRegen 0.11/turn               (no ring)

@: no status effects
A: beak, talons 3
a: no special abilities


You were on level 3 of the Dungeon.
You visited 1 branch of the dungeon, and saw 5 of its levels.

You collected 124 gold pieces.

Inventory:

Hand Weapons
 f - a +3 hand axe
 j - a +1 dagger of venom (weapon)
Armour
 a - a +0 robe (worn)
 o - a +2 pair of gloves of strength (worn)
Jewellery
 k - a ring of wizardry
 n - an amulet of guardian spirit
Scrolls
 b - a scroll of teleportation {unknown}
 e - 2 scrolls of vulnerability {unknown}
 g - a scroll of enchant weapon {unknown}
 h - a scroll of enchant armour {unknown}
 i - a scroll of identify {unknown}
 q - a scroll of immolation {unknown}
Potions
 d - a potion of flight {unknown}
 m - 2 potions of degeneration {unknown}
 p - a potion of might {unknown}
 r - a potion of cancellation {unknown}
 s - 2 potions of lignification {unknown}


   Skills:
 - Level 2.1 Dodging
 - Level 2.0 Stealth
 - Level 3.1 Spellcasting
 - Level 6.3 Conjurations
 * Level 0.0 Hexes


You had 2 spell levels left.
You knew the following spells:

 Your Spells              Type           Power      Damage    Failure   Level
a - Magic Dart            Conj           100%       1d8       1%          1
b - Searing Ray           Conj           56%        2d6       1%          2
c - Fulminant Prism       Conj/Hex       8%         3d7       36%         4

Your spell library contained the following spells:

 Spells                   Type           Power      Damage    Failure   Level
 Dazzling Flash           Conj/Hex       32%        N/A       11%         3
 Iskenderun's Mystic Bla  Conj/Tloc      15%        2d5       36%         4


Dungeon Overview and Level Annotations

Branches:
Dungeon (5/15)
 Temple: D:4-7

Altars:

Shops:
D:1 (

Annotations:
D:3 Edmund, Grinder, Sigmund
D:5 Duvessa


Innate Abilities, Weirdness & Mutations

You have a beak for a mouth.
You have claws for feet.


Message History

Edmund is caught in the net!
Edmund is lightly wounded.
Edmund struggles against the net.
Edmund struggles against the net.
Edmund struggles against the net.
Edmund struggles against the net.
The net rips apart, and Edmund comes free!
Edmund says, "I'm quite good with sums, too."
Edmund says, "You wouldn't believe how much I paid for this flail."
You barely miss Edmund. Your kick misses Edmund. Your peck misses Edmund.
Edmund is lightly wounded.
Edmund hits you with a +2 dire flail of protection.
You hit Edmund but do no damage.
Edmund is poisoned.
Your kick misses Edmund. Your peck misses Edmund.
Edmund is lightly wounded.
Edmund misses you.
Casting: Searing Ray (safe; 1% risk of failure)
Confirm with . or Enter, or press ? or * to list all spells.
Okay, then.
You closely miss Edmund. Your peck misses Edmund.
Edmund is lightly wounded.
Edmund hits you with a +2 dire flail of protection.
* * * LOW HITPOINT WARNING * * *
There is an escape hatch in the ceiling here.
Edmund drinks a potion.
Edmund is healed!
Edmund looks more healthy.
A mysterious force pulls you upwards. The hatch slams shut behind you.
You hear the sound of rushing water.
There is an entrance to a sewer on this level.
Hurry and find it before the portal rusts away!
Level annotation: Grinder, Sigmund You hear the brisk rusting of a very distant drain.
Found 5 gold pieces.
You see here 5 gold pieces.
A gnoll comes into view. It is wielding a +0 whip.
A gnoll comes into view.
It is wielding a +0 whip. 2 gnolls come into view.
The gnoll shouts! x3; You hear an angry hiss.
As you read the scroll labelled TOSEFICUBOP, it crumbles to dust.
You speak a Word of immense power!
It was a scroll of holy word.
Edmund hits you with a +2 dire flail of protection!
You die...

#........>...!....
#.......)..!##....
.. ##.(...........
.. .#
...!.......###...
.. . .###........
## #.##..
....#>.l... #....
..###.......###...
##
#...........#######
....gg.@##......
....g.##@..# ....g
#..#######
........#..$...#
...#.########### ..
# .


You could see Edmund, 4 gnolls and a frilled lizard.

Vanquished Creatures
  A howler monkey zombie (D:4)
  3 adders
  2 dart slugs (D:1)
  5 endoplasms
  A giant cockroach (D:1)
  A goblin (D:1)
  2 hobgoblins
  A quokka (D:1)
  A bat (D:1)
  A kobold (D:2)
  3 rats
21 creatures vanquished.

Notes
Turn   | Place    | Note
-------+----------+-------------------------------------------
     0 | D:1      | Illumine the Tengu Conjurer began the quest for the Orb.
     0 | D:1      | Reached XP level 1. HP: 10/10 MP: 4/4
   312 | D:1      | Reached XP level 2. HP: 15/15 MP: 3/6
   315 | D:1      | Learned a level 2 spell: Searing Ray
   537 | D:1      | Found Deyl's Antique Weapon Shop.
   543 | D:1      | Found a faded altar of an unknown god.
  1314 | D:2      | Reached XP level 3. HP: 19/19 MP: 1/8
  1449 | D:2      | Reached skill level 6 in Conjurations
  1999 | D:3      | Noticed Grinder
  2035 | D:3      | Noticed Sigmund
  2049 | D:4      | Noticed Edmund
  2079 | D:4      | Reached XP level 4. HP: 18/24 MP: 0/9
  2173 | D:4      | Learned a level 4 spell: Fulminant Prism
  2255 | D:4      | You fall into a shaft and drop 1 floor!
  2255 | D:5      | Entered Level 5 of the Dungeon
  2255 | D:5      | Noticed Duvessa
  2381 | D:3      | Mangled by Edmund

Illustrated notes

Levels and vault maps discovered:
D:1:      dpeg_arrival_arbitrary_b, layout_loops_corners, serial_shops,
          nicolae_shop_advertising_works [nicolae_subvault_shop_adworks],
          basic_ecumenical_altar, minivault_5
D:2:      layout_loops_ring
D:3:      layout_rooms, gup_sewer_entry_bubbles, uniq_crazy_yiuf_cottage,
          uniq_grinder, uniq_sigmund, uniq_natasha
D:4:      layout_basic, hangedman_decor_clover_reticule, serial_park_tiny_2,
          kennysheep_crisscross, nicolae_shop_overcharged_wands, uniq_edmund
D:5:      layout_gridville, eino_tiny_chamber, uniq_duvessa, uniq_ijyb,
          uniq_pikel

Skill      XL: |  1  2  3 |
---------------+----------+-----
Conjurations   | 6 |  6.3
Spellcasting   | 3 |  3.1
Dodging        | |  2.1
Stealth        | |  2.0

Action                   |  1- 3 |  4- 6 || total
-------------------------+-------+-------++-------
Melee: Dagger            |     5 |     3 ||     8
       Kick              |     1 |       ||     1
       Peck              |     1 |       ||     1
Throw: Throwing net      |       |     1 ||     1
 Cast: Magic Dart        |    40 |     2 ||    42
       Searing Ray       |     3 |     1 ||     4
  Use: Scroll            |       |     1 ||     1
Dodge: Dodged            |     8 |     1 ||     9

Table legend: (Time is in decaauts)
 A = Elapsed time spent in this place.
 B = Non-inter-level travel time spent in this place.
 C = Inter-level travel time spent in this place.
 D = Time resting spent in this place.
 E = Time spent auto-exploring this place.
 F = Levels seen in this place.
 G = Mean time per level.
                   A        B        C        D        E       F      G
               +--------+--------+--------+--------+--------+-----+--------+
         Total |   2381 |   2355 |     26 |    360 |   1681 |   5 |  476.2 |
       Dungeon |   2381 |   2355 |     26 |    360 |   1681 |   5 |  476.2 |
               +--------+--------+--------+--------+--------+-----+--------+

Top non-repeatable levels by time:
     D:1: 1277 daAuts
     D:2: 711 daAuts
     D:4: 321 daAuts
     D:3: 60 daAuts
     D:5: 10 daAuts
